 Dungeon Crawl Stone Soup version 0.24-a0-361-g57161393b2 (webtiles) character file.

Game seed: 9151934579517412058

137 Borgoz the Slasher (level 5, 0/46 HPs)
             Began as a Minotaur Fighter on May 26, 2019.
             Slain by an orc
             ... wielding a +0 trident
              (5 damage)
             ... on level 3 of the Dungeon.
             The game lasted 00:03:30 (2049 turns).

Borgoz the Slasher (Minotaur Fighter)               Turns: 2049, Time: 00:03:31

Health: 0/46       AC:  7    Str: 26    XL:     5   Next: 0%
Magic:  4/4        EV:  9    Int: 10    God:
Gold:   129        SH: 10    Dex: 10    Spells: 4/4 levels left

rFire    . . .     SeeInvis .   a - +0 long sword
rCold    . . .     Gourm    .   c - +0 shield
rNeg     . . .     Faith    .   b - +0 scale mail
rPois    .         Spirit   .   (helmet restricted)
rElec    .         Reflect  .   (no cloak)
rCorr    .         Harm     .   (no gloves)
MR       .....                  (no boots)
Stlth    ..........             (no amulet)
HPRegen  0.15/turn              (no ring)
MPRegen  0.09/turn              (no ring)

@: mighty, brilliant, lethally poisoned (0 -> -27), flying, hasted, very quick
A: retaliatory headbutt, horns 2
a: no special abilities


You were on level 3 of the Dungeon.
You were not hungry.

You visited 1 branch of the dungeon, and saw 3 of its levels.

You collected 129 gold pieces.

Inventory:

Hand Weapons
 a - a +0 long sword (weapon)
Armour
 b - a +0 scale mail (worn)
 c - a +0 shield (worn)
Jewellery
 k - an uncursed ring of fire {unknown}
 l - an uncursed ring of wizardry {unknown}
 n - an uncursed ring of magical power {unknown}
Wands
 m - a wand of flame (20)
Scrolls
 e - 5 scrolls of identify {unknown}
 g - a scroll of fog {unknown}
 j - a scroll of immolation {unknown}
 r - a scroll of teleportation {unknown}
 s - a scroll of enchant weapon {unknown}
 t - a scroll of enchant armour {unknown}
Comestibles
 f - 4 rations
 p - 10 chunks of flesh


   Skills:
 + Level 3.9 Fighting
 * Level 4.5 Long Blades
 + Level 3.9 Armour
 * Level 3.2 Dodging
 - Level 3.6 Shields


You had 4 spell levels left.
You didn't know any spells.
Your spell library was empty.

Dungeon Overview and Level Annotations

Branches:
Dungeon (3/15)

Altars:


Innate Abilities, Weirdness & Mutations

You reflexively headbutt those who attack you in melee.
You have a pair of horns on your head.


Message History

You feel sick. The orc barely misses you.
The orc wizard hits you but does no damage.
The orc hits you but does no damage.
You closely miss the orc wizard.
* * * LOW HITPOINT WARNING * * *
You feel very sick. The orc barely misses you. x2
The orc wizard hits you with a +0 dagger.
* * * LOW HITPOINT WARNING * * *
You bump into the rock wall.
* * * LOW HITPOINT WARNING * * *
You feel sick. The orc hits you but does no damage. The orc hits you.
* * * LOW HITPOINT WARNING * * *
You barely miss the orc wizard. Your headbutt misses the orc wizard.
You feel less invigorated.
You feel less confused.
* * * LOW HITPOINT WARNING * * *
You feel sick.
The orc hits you from afar with a +0 trident.
You die...

..% ............
..#.#.#.#.#.#.# ##
.............#..
.#.#.#?#.#.#..#.#
.......)......#.####
#.#.#.#(#.#.#......#
........(.....#.##.#
.#.#.#.#(#.#..#.##.# #
#......o@...#.#.##.######
..#.#.#o#o#..............
#.....o....#######.######
..#.#.#.#.# #.# #
##...[...## #.# # ..#.##
#.# ##. ... #. ..# ###


You could see an orc wizard and 3 orcs.

Vanquished Creatures
  Jessica (D:2)
  5 adders
  4 worms
  2 dart slugs
  A leopard gecko (D:1)
  2 orcs (D:3)
  A ball python (D:3)
  5 bats
  4 giant cockroaches
  5 goblins
  6 hobgoblins
  2 quokkas (D:2)
  4 frilled lizards
  6 kobolds
  A rat (D:2)
49 creatures vanquished.

Notes
Turn   | Place    | Note
-------+----------+-------------------------------------------
     0 | D:1      | Borgoz the Minotaur Fighter began the quest for the Orb.
     0 | D:1      | Reached XP level 1. HP: 19/19 MP: 0/0
   161 | D:1      | Reached skill level 1 in Dodging
   376 | D:1      | You fall into a shaft and drop 1 floor!
   381 | D:2      | Reached skill level 3 in Long Blades
   381 | D:2      | Reached XP level 2. HP: 26/26 MP: 1/1
   490 | D:2      | Reached XP level 3. HP: 21/31 MP: 2/2
  1229 | D:2      | Noticed Jessica
  1238 | D:2      | Killed Jessica
  1238 | D:2      | Reached skill level 4 in Long Blades
  1238 | D:2      | Reached XP level 4. HP: 33/40 MP: 3/3
  2035 | D:3      | Reached XP level 5. HP: 33/46 MP: 4/4
  2049 | D:3      | Slain by an orc

Levels and vault maps discovered:
D:1:      psy_arrival_radial02, layout_basic
D:2:      layout_basic, minmay_octomino_j4, uniq_jessica
D:3:      layout_loops_ring, hex_medium

Skill      XL: |  1  2  3  4 |
---------------+-------------+-----
Dodging        | 1 2 3 |  3.2
Long Blades    | 3 4 |  4.5
Fighting       | |  3.9
Armour         | |  3.9
Shields        | |  3.6

Action                   |  1- 3 |  4- 6 || total
-------------------------+-------+-------++-------
Melee: Long sword        |    82 |    51 ||   133
       Headbutt          |    11 |    12 ||    23
  Use: Scroll            |     1 |       ||     1
       Potion            |       |     6 ||     6
  Eat: Chunk             |       |     4 ||     4
Armor: Scale mail        |    39 |    28 ||    67
Dodge: Dodged            |    30 |    20 ||    50
Block: Shield            |    37 |    33 ||    70
       Rpst.: Long sword |     7 |     7 ||    14

Table legend:
 A = Non-vault XP
 B = Vault XP
 C = Vault XP percentage of total XP
 D = Non-vault monster count
 E = Vault monster count
 F = Vault count percentage of total count
                 A         B        C        D         E       F
            +---------+---------+-------+---------+---------+-------
      Total |     147 |      49 |  25.0 |      44 |       5 |  10.2
            +---------+---------+-------+---------+---------+-------
        D:1 |      21 |       0 |   0.0 |      11 |       0 |   0.0
        D:2 |      59 |      49 |  45.4 |      20 |       5 |  20.0
        D:3 |      67 |       0 |   0.0 |      13 |       0 |   0.0
            +---------+---------+-------+---------+---------+-------
